Map: New Gettysburg LE

Players

Gracz

  • Race: Terran Terran
  • League: Silver

Impulsion - Winner!

  • Race: Protoss Protoss

VOD

Have the link to the VOD?

Description

Time

  • Played on: Oct. 2, 2016, 5:45 a.m.
  • Length: 7:06
Show
View Real Time Build Order
Export as new Build Order

Gracz Terran 

Build Orders:  

Get SALT Encoding   

  12  0:02  SCV  
  13  0:19  SCV  
  13  0:20  Supply Depot  
  14  0:34  SCV  
  15  0:46  SCV  
  15  0:48  Barracks  
  16  0:58  SCV  
  17  1:06  Barracks  
  17  1:14  Refinery, SCV  
  18  1:32  Barracks  
  18  1:38  Supply Depot  
  18  1:47  SCV  
  19  1:59  SCV  
  20  2:06  Bunker  
  20  2:10  Marine x2  
  22  2:24  Orbital Command  
  22  2:28  Marine x2  
  24  2:46  Factory  
  24  3:09  Bunker  
  23  3:26  Barracks Reactor x2  
  19  4:06  Marine x3  
  19  4:07  Marine  
  23  4:13  Starport, Factory Tech Lab  
  23  4:20  SCV  
  23  4:21  Refinery  
  24  4:24  Marine x3  
  27  4:32  Barracks Tech Lab, SCV  
  27  5:04  Marine x3  
  30  5:10  Marauder  
  30  5:19  Command Center  
  23  5:42  Siege Tank  
  23  5:44  Marine x4  
  23  5:46  Starport Reactor  
  24  6:12  Marine x4  
  26  6:30  Marine x3  
  27  6:43  Refinery  
Show
View Real Time Build Order
Export as new Build Order

Impulsion Protoss - Winner!

Build Orders:  

Get SALT Encoding   

  12  0:04  Probe (Chrono Boost)  
  13  0:15  Probe (Chrono Boost)  
  13  0:20  Pylon  
  14  0:25  Probe (Chrono Boost)  
  15  0:38  Probe (Chrono Boost)  
  15  0:41  Gateway  
  16  0:46  Assimilator  
  16  0:49  Probe (Chrono Boost)  
  17  1:00  Probe (Chrono Boost)  
  18  1:07  Gateway  
  19  1:11  Probe (Chrono Boost)  
  19  1:22  Probe (Chrono Boost)  
  20  1:31  Pylon  
  20  1:32  Probe (Chrono Boost)  
  21  1:33  Assimilator  
  21  1:53  Cybernetics Core  
  21  1:56  Probe (Chrono Boost)  
  22  2:07  Probe (Chrono Boost)  
  23  2:26  Nexus  
  23  2:41  Stalker  
  25  2:50  Stalker  
  27  2:59  Warp Gate  
  27  3:07  Stalker  
  29  3:20  Stalker  
  31  3:34  Stalker  
  31  3:50  Stalker  
  31  4:02  Stalker  
  31  4:19  Probe (Chrono Boost)  
  31  4:20  Stalker  
  31  4:23  Pylon  
  34  4:28  Stalker  
  34  4:30  Probe (Chrono Boost)  
  37  4:50  Adept  
  37  4:52  Pylon  
  39  4:55  Adept  
  39  5:17  Stalker  
  39  5:18  Stalker  
  39  5:44  Stalker  
  39  5:47  Stalker  
  41  6:12  Stalker  
  41  6:17  Stalker  
  41  6:38  Zealot  
Tags
 
Add a new tag
Caveats
  • Supply blocks, unpowered buildings, or Contaminate may cause inaccurate times.
  • Supply counts are checked every 10 seconds.